 Dungeon Crawl Stone Soup version 0.26-a0-651-gb41185065b (webtiles) character file.

Game seed: 15069347400720393659

(classic levelgen) 2389 EnegeticOcto the Cleaver (level 9, -2/86 HPs)
             Began as a Deep Dwarf Delver on Oct 23, 2020.
             Was a Follower of Makhleb.
             Slain by an orc warrior
             ... wielding a +0 scimitar
              (11 damage)
             ... on level 10 of the Dungeon.
             The game lasted 00:08:04 (1280 turns).

EnegeticOcto the Cleaver (Deep Dwarf Delver)        Turns: 1280, Time: 00:08:04

Health: -2/86      AC:  7    Str: 17    XL:     9   Next: 22%
Magic:  9/9 (0)    EV:  9    Int: 13    God:    Makhleb [*.....]
Gold:   117        SH: 10    Dex: 14    Spells: 15/15 levels left

rFire    . . .     SeeInvis .   o - +1 war axe (curse)
rCold    . . .     Faith    .   h - +1 kite shield
rNeg     . . .     Spirit   .   k - +0 swamp dragon scales
rPois    +         Reflect  .   (no helmet)
rElec    .         Harm     .   (no cloak)
rCorr    .         Rampage  .   (no gloves)
MR       +....                  (no boots)
Stlth    +++.......             (no amulet)
HPRegen  0.00/turn              l - ring of magical power
MPRegen  0.11/turn              (no ring)

@: non-regenerating, studying Fighting
A: damage resistance, heal wounds, sense surroundings 2, no regeneration
a: Heal Wounds, Renounce Religion


You were on level 10 of the Dungeon.
You worshipped Makhleb.
Makhleb was aware of your devotion.
You visited 2 branches of the dungeon, and saw 8 of its levels.

You collected 117 gold pieces.

Inventory:

Hand Weapons
 a - a +0 hand axe
 o - a cursed +1 war axe (weapon)
Missiles
 p - 4 curare-tipped darts (quivered)
Armour
 b - a +0 leather armour
 h - a +1 kite shield (worn)
 k - +0 swamp dragon scales (worn)
Jewellery
 l - a ring of magical power (left hand)
Wands
 g - a wand of digging (8) {@v3}
 m - a wand of paralysis (6)
Scrolls
 c - 2 scrolls of fog
 e - a scroll of fear
 n - a scroll of identify {@r1}
Potions
 f - 2 potions of haste {@q4}
 i - a potion of brilliance
 j - a potion of magic
Books
 d - a manual of Fighting


   Skills:
 + Level 7.6 Fighting
 * Level 9.1 Axes
 - Level 2.1 Dodging
 - Level 6.0 Stealth
 + Level 4.3 Shields
 - Level 3.7 Spellcasting
 + Level 5.2 Invocations


You had 15 spell levels left.
You didn't know any spells.
Your spell library was empty.

Dungeon Overview and Level Annotations

Branches:
Dungeon (10/15)            Temple (1/1) D:5
   Lair: D:8-11         Orc: D:9-12

Altars:
Ashenzari
Cheibriados
Gozag
Kikubaaqudgha
Makhleb
Qazlal
Trog
Uskayaw
Vehumet
Wu Jian
Xom
The Shining One


Innate Abilities, Weirdness & Mutations

You are resistant to damage.
You can heal yourself by infusing magical energy.
You passively map the area around you.
You do not regenerate.


Message History

You slash the big kobold!
The big kobold is severely wounded.
You block the big kobold's attack.
You slash the big kobold!
The big kobold is almost dead.
You block the big kobold's attack.
The big kobold hits you but does no damage.
You slash the big kobold!
You kill the big kobold!
Makhleb accepts your kill.
You feel better.
The kobold throws a stone.
You block the stone. You block the kobold's attack.
You see here 5 stones.
You hit the kobold but do no damage. You block the kobold's attack.
You hit the kobold.
You kill the kobold!
Makhleb accepts your kill.
You slash the kobold!
You kill the kobold!
Makhleb accepts your kill.
You slash the kobold!
You kill the kobold!
Makhleb accepts your kill.
Items here: ( )) †.
There is a stone staircase leading down here.
A kobold comes into view.
There is a stone staircase leading down here.
The kobold shouts!
The kobold barely misses you.
You barely miss the kobold. You block the kobold's attack.
You slash the kobold!
You kill the kobold!
Makhleb accepts your kill.
You see here a kobold corpse.
(D) Dungeon (T) Temple
Where to? (Enter - D:8, ? - help)
There is a stone staircase leading down here.
You climb downwards.
An orc, an orc warrior, 2 orc priests and an orc wizard come into view.
An orc priest is wielding a +2 mace of protection.
Found 15 gold pieces.
Found a stone staircase leading up.
There is a stone staircase leading up here.
The orc priest shouts!
The orc priest shouts!
You slash the orc priest!
The orc priest is almost dead.
You hit the orc wizard. The orc wizard closely misses you.
The orc priest calls down the wrath of Beogh upon you.
You resist with some effort.
The orc shouts!
You closely miss the orc priest.
The orc priest is almost dead.
You hit the orc wizard. You block the orc wizard's attack.
The orc priest hits you with a +2 mace of protection.
* * * LOW HITPOINT WARNING * * *
You barely miss the orc priest.
The orc priest is almost dead.
You hit the orc. You closely miss the orc wizard.
You block the orc wizard's attack.
The orc priest calls upon Beogh to heal the orc wizard.
The orc wizard is healed somewhat.
You hit the orc priest.
You kill the orc priest!
Makhleb accepts your kill.
You slash the orc!
You kill the orc!
Makhleb accepts your kill.
You feel better.
You hit the orc wizard but do no damage.
The orc wizard hits you but does no damage.
You hit the orc warrior but do no damage.
You barely miss the orc wizard.
The orc priest hits you from afar with a +0 trident.
* * * LOW HITPOINT WARNING * * *
You block the orc warrior's attack. The orc wizard completely misses you.
Your shield and swamp dragon scales prevent you from hitting the orc warrior.
You closely miss the orc wizard.
The orc wizard hits you but does no damage.
The orc priest hits you from afar with a +0 trident.
The orc warrior barely misses you.
You closely miss the orc wizard.
The orc wizard is heavily wounded.
You slash the orc warrior! You block the orc wizard's attack.
The orc priest closely misses you.
The orc warrior hits you with a +0 scimitar!!
* * * LOW HITPOINT WARNING * * *
The orc wizard closely misses you.
You hit the orc wizard.
The orc wizard is almost dead.
You closely miss the orc warrior. You block the orc priest's attack.
You block the orc warrior's attack.
The orc wizard hits you with a +0 dagger.
You don't have enough innate magic capacity.
You slice the orc wizard!!
You kill the orc wizard!
Makhleb accepts your kill.
You feel better.
You hit the orc warrior.
The orc priest hits you from afar with a +0 trident.
The orc warrior hits you with a +0 scimitar!
You die...

* , , ,, , * * ,
## * , ,* * ..
..# , #. * *..# *
* , # #..* ..# ,
* #$#..###..# *
#......o#.# ** ,
, **
*#......)o.#, ,
** * , ,
#.....@)# ,, ,**
, * ##...<.## ,,
* ...............
, *
**..##.....##....
* , , , ....<..#
,... * , *
*###.##### . * *
* #. * * ** ** ,
,, . ,, * , , *
##, ,*


You could see an orc warrior and an orc priest.

Vanquished Creatures
  Maggie (D:6)
  A hornet (D:9)
  A water moccasin (D:9)
  4 orc warriors
  A black bear (D:7)
  A hornet zombie (D:9)
  An ice beast (D:9)
  2 big kobolds
  3 bullfrogs
  2 scorpions
  2 crimson imps
  3 hounds
  A jelly (D:5)
  A centaur skeleton (D:8)
  3 orc priests
  A bullfrog skeleton (D:9)
  3 orc wizards
  An iguana (D:5)
  5 worker ants
  A hound zombie (D:7)
  4 gnolls (D:7)
  A howler monkey skeleton (D:5)
  7 adders
  An ufetubus (D:5)
  An adder skeleton (D:4)
  A worm (D:4)
  A leopard gecko (D:5)
  14 orcs
  11 kobolds
  3 quokkas
  A ball python skeleton (D:5)
  A leopard gecko skeleton (D:4)
84 creatures vanquished.

Notes
Turn   | Place    | Note
-------+----------+-------------------------------------------
     0 | D:5      | EnegeticOcto the Deep Dwarf Delver began the quest for the
                  | Orb.
     0 | D:5      | Reached XP level 1. HP: 20/20 MP: 1/1
    20 | D:5      | Found a shimmering altar of Xom.
    21 | D:5      | Noticed a crimson imp
    21 | D:5      | Noticed a crimson imp
    22 | D:5      | Noticed a crimson imp
    22 | D:5      | Noticed a crimson imp
    64 | D:5      | Reached skill level 3 in Axes
    64 | D:5      | Reached XP level 2. HP: 27/27 MP: 2/2
   100 | D:5      | Reached XP level 3. HP: 20/34 MP: 3/3
   108 | D:5      | Reached skill level 4 in Axes
   117 | D:5      | Noticed a scorpion
   149 | D:4      | Reached XP level 4. HP: 36/44 MP: 3/3
   254 | D:4      | Reached skill level 5 in Axes
   254 | D:4      | Reached XP level 5. HP: 50/50 MP: 2/2
   413 | D:5      | Found an ornate altar of the Wu Jian Council.
   422 | D:5      | Reached skill level 5 in Fighting
   422 | D:5      | Reached skill level 6 in Axes
   422 | D:5      | Reached XP level 6. HP: 25/61 MP: 3/3
   457 | D:5      | Found a staircase to the Ecumenical Temple.
   485 | Temple   | Entered the Ecumenical Temple
   651 | D:6      | Reached skill level 1 in Spellcasting
   701 | D:6      | Found a burning altar of Makhleb.
   704 | D:6      | Became a worshipper of Makhleb the Destroyer
   736 | D:6      | Noticed Maggie
   755 | D:6      | Killed Maggie
   755 | D:6      | Reached XP level 7. HP: 32/67 MP: 6/6
   839 | D:7      | Reached skill level 1 in Invocations
   856 | D:7      | Reached skill level 1 in Shields
   878 | D:7      | Reached skill level 7 in Axes
   878 | D:7      | Reached XP level 8. HP: 58/76 MP: 4/4
  1081 | D:8      | Reached * piety under Makhleb
  1081 | D:8      | Reached skill level 8 in Axes
  1174 | D:9      | Noticed a hornet
  1188 | D:9      | Killed a hornet
  1188 | D:9      | Gained mutation: You passively map the area around you.
                  | [Deep Dwarf growth]
  1188 | D:9      | Reached XP level 9. HP: 15/86 MP: 1/1
  1204 | D:9      | Reached skill level 9 in Axes
  1204 | D:9      | Reached skill level 5 in Invocations
  1270 | D:10     | Entered Level 10 of the Dungeon
  1280 | D:10     | Slain by an orc warrior

Illustrated notes

Levels and vault maps discovered:
D:4:      layout_loops_ring, minmay_strange_pillars, minmay_quadrilaterals
D:5:      layout_basic, led_xom_imps, nicolae_overflow_crystal_walls,
          temple_pool_b, minmay_manual_monstrance
D:6:      layout_basic, kennysheep_mini_moat, kennysheep_okawaru_gauntlet,
          uniq_edmund, uniq_maggie
D:7:      layout_basic, columned_hall_lemuel, nicolae_benzene_ring
D:8:      layout_cave_pools, lemuel_doored_altar, nicolae_ru_path_of_blood,
          gammafunk_temple_overflow_wave, dpeg_lair_monsters,
          nicolae_water_bricks, minmay_strange_pillars
D:9:      layout_basic, kennysheep_ying_yang, led_sif_book, erik_orc_2,
          minmay_guarded_unrand_staff_of_olgreb
D:10:     layout_loops_cross, serial_shops, shop, nicolae_shop_window_shopping,
          evilmike_butchery, uniq_gastronok, uniq_joseph, uniq_psyche
Temple:   jpeg_temple_island

Skill      XL: |  1  2  3  4  5  6  7  8  9 |
---------------+----------------------------+-----
Axes           | 3 4 5 6 7 8 9 |  9.1
Fighting       | 3 4 5 7 |  7.6
Spellcasting   | 3 |  3.7
Invocations    | 2 4 5 |  5.2
Shields        | 1 4 |  4.3
Dodging        | |  2.1
Stealth        | |  6.0

Action                   |  1- 3 |  4- 6 |  7- 9 || total
-------------------------+-------+-------+-------++-------
Melee: Hand axe          |    36 |   161 |   103 ||   300
       Unarmed           |       |     4 |       ||     4
       War axe           |       |       |   116 ||   116
Throw: Dart              |       |       |     4 ||     4
 Abil: Heal Wounds       |     3 |    11 |    23 ||    37
Evoke: Wand              |       |     2 |     1 ||     3
  Use: Scroll            |     1 |     2 |     3 ||     6
       Potion            |       |     2 |       ||     2
 Stab: Sleeping          |     1 |     2 |     1 ||     4
       Paralysed         |       |     9 |       ||     9
Armor: Leather armour    |    10 |    46 |       ||    56
       Skin              |       |     2 |       ||     2
       Swamp dragon scal |       |       |   104 ||   104
Dodge: Dodged            |    11 |   101 |   129 ||   241
Block: Kite shield       |    21 |    94 |   186 ||   301

Table legend: (Time is in decaauts)
 A = Elapsed time spent in this place.
 B = Non-inter-level travel time spent in this place.
 C = Inter-level travel time spent in this place.
 D = Time resting spent in this place.
 E = Time spent auto-exploring this place.
 F = Levels seen in this place.
 G = Mean time per level.
                   A        B        C        D        E       F      G
               +--------+--------+--------+--------+--------+-----+--------+
         Total |   1338 |   1324 |     14 |      0 |      0 |   8 |  167.2 |
       Dungeon |   1313 |   1299 |     14 |      0 |      0 |   7 |  187.6 |
        Temple |     24 |     24 |      0 |      0 |      0 |   1 |   24.0 |
               +--------+--------+--------+--------+--------+-----+--------+

Top non-repeatable levels by time:
     D:5: 340 daAuts
     D:4: 269 daAuts
     D:7: 201 daAuts
     D:6: 188 daAuts
     D:9: 184 daAuts
     D:8: 118 daAuts
  Temple: 24 daAuts
    D:10: 11 daAuts
